 Dungeon Crawl Stone Soup version 0.28.0-53-g5a82cb258f (webtiles) character file.

Game seed: 18345875756405923213

212 wingedge the Distorting Demonspawn (level 5, -5/43 HPs)
             Began as a Demonspawn Abyssal Knight on June 7, 2022.
             Was a Believer of Lugonu.
             Killed by nerve-wracking pain
             ... invoked by Grinder
              (6 damage)
             ... on level 3 of the Dungeon.
             The game lasted 00:10:14 (3078 turns).

wingedge the Distorting Demonspawn (DsAK)           Turns: 3078, Time: 00:10:15

Health: -5/43      AC:  7    Str: 15    XL:     5   Next: 58%
Magic:  0/8        EV: 10    Int: 11    God:    Lugonu [**....]
Gold:   156        SH:  0    Dex: 14    Spells: 4/4 levels left

rFire   . . .      SeeInvis .   d - +4 spear
rCold   . . .      Faith    .   (no shield)
rNeg    . . .      Spirit   +   f - +0 ring mail
rPois   .          Reflect  .   n - +0 helmet
rElec   .          Harm     .   (no cloak)
rCorr   .          Rampage  .   (no gloves)
Will    .....                   e - +0 pair of boots
Stlth   +.........              (no amulet)
HPRegen 0.14/turn               (no ring)
MPRegen 0.22/turn               (no ring)

@: no status effects
A: magic shield, magic regeneration
a: Renounce Religion, Depart the Abyss, Bend Space


You were on level 3 of the Dungeon.
You worshipped Lugonu.
Lugonu was pleased with you.
You visited 1 branch of the dungeon, and saw 3 of its levels.
You visited the Abyss 1 time.

You collected 156 gold pieces.

Inventory:

Hand Weapons
 a - a +1 hand axe
 d - a +4 spear (weapon)
 m - a +0 long sword
Missiles
 g - 31 bolts
 h - 19 sling bullets
 k - 32 arrows
Armour
 b - a +0 leather armour
 e - a +0 pair of boots (worn)
 f - a +0 ring mail (worn)
 i - a +2 animal skin
 n - a +0 helmet (worn)
Scrolls
 j - a scroll of teleportation
 l - a scroll of enchant weapon {unknown}


   Skills:
 + Level 4.4 Fighting
 - Level 3.3 Axes
 + Level 0.2(2.0) Polearms
 - Level 1.7 Armour
 - Level 0.8 Dodging
 + Level 4.8 Invocations


You had 4 spell levels left.
You didn't know any spells.
Your spell library was empty.

Dungeon Overview and Level Annotations

Branches:
Dungeon (3/15)

Altars:

Annotations:
D:3 Grinder


Innate Abilities, Weirdness & Mutations

When hurt, damage is shared between your health and your magic reserves.
You regenerate magic rapidly.


Message History

Reach: d) +4 spear
Press: ? - help, Dir - move target, f/p - Grinder
Aim: Grinder (heavily wounded, about 35% to evade your +4 spear)
You barely miss Grinder.
Grinder is heavily wounded.
Grinder gestures at you. Pain shoots through your body!
You hit Grinder.
Grinder is heavily wounded.
Grinder gestures at you. Pain shoots through your body!
You puncture Grinder!
Grinder is severely wounded.
Grinder hits you.
You aren't carrying any potions.
Okay, then.
You closely miss Grinder.
Grinder is severely wounded.
Grinder hits you.
You hit Grinder.
Grinder is almost dead.
Grinder hits you.
* * * LOW HITPOINT WARNING * * *
You writhe in agony.
* * * LOW HITPOINT WARNING * * *
Space bends around you!
You blink.
An iguana comes into view.
The iguana hisses angrily.
Grinder blinks!
An adder comes into view.
The adder hisses angrily.
The iguana hisses menacingly.
Space bends sharply around you!
You blink.
Space bends around you!
You blink.
Space bends sharply around you!
The adder blinks!
You blink.
Space bends around you!
You blink.
Space bends around you!
You blink.
Grinder gestures at you. Pain shoots through your body!
You die...

#.......###.....# #. #.......#
#.....# #.
#####.......###.....#### #.####.
..............'5....... ....S.>
...§§.......###.....#############
.####.......###..................
.####..l....#....#.##############
>.......§..S.....................
###.#.#######...@########.......#
.##.#.......'...('...............
....#########....###............#
.##### #....###............#
.....# #......#............#
.###.# #......#.......###### .#
#.# ##.....#.......# #... .###.#
#######..)....# #...
.....########### #.......# #...


You could see Grinder and an adder.

Vanquished Creatures
  Natasha (thrice) (D:2)
  A hound skeleton (D:2)
  Robin (D:3)
  4 gnolls (D:2)
  3 dart slugs (D:2)
  4 endoplasms
  A giant cockroach (D:1)
  14 goblins
  5 hobgoblins
  7 jackals
  2 quokkas (D:2)
  6 ball pythons
  A bat (D:1)
  2 frilled lizards
  9 kobolds
  7 rats
70 creatures vanquished.

Vanquished Creatures (others)
  5 fungi (D:3)
  7 plants (D:3)
12 creatures vanquished.

Grand Total: 82 creatures vanquished

Notes
Turn   | Place    | Note
-------+----------+-------------------------------------------
     0 | Abyss:1  | wingedge the Demonspawn Abyssal Knight began the quest for
                  | the Orb.
     0 | Abyss:1  | Reached XP level 1. HP: 18/18 MP: 2/2
    11 | D:1      | Escaped the Abyss
   310 | D:1      | Gained mutation: You regenerate magic rapidly. [demonic
                  | ancestry]
   310 | D:1      | Reached XP level 2. HP: 24/24 MP: 4/4
   929 | D:2      | Reached ** piety under Lugonu
  1142 | D:2      | Reached XP level 3. HP: 29/29 MP: 5/5
  1259 | D:2      | Noticed Natasha
  1274 | D:2      | Killed Natasha
  1463 | D:2      | Reached XP level 4. HP: 35/37 MP: 6/6
  1561 | D:2      | Noticed Natasha
  1580 | D:2      | Killed Natasha
  1871 | D:2      | Noticed Natasha
  1882 | D:2      | Killed Natasha
  1971 | D:2      | Gained mutation: When hurt, damage is shared between your
                  | health and your magic reserves. [demonic ancestry]
  1971 | D:2      | Reached XP level 5. HP: 26/42 MP: 8/8
  2423 | D:3      | Noticed Robin
  2453 | D:3      | Killed Robin
  2947 | D:3      | Found a faded altar of an unknown god.
  3025 | D:3      | Noticed Grinder
  3035 | D:3      | Paralysed by Grinder for 4 turns
  3078 | D:3      | Killed from afar by Grinder

Illustrated notes

Levels and vault maps discovered:
D:1:      matt_arrival_diagonals, layout_basic, kennysheep_pointless_box,
          minmay_hexomino_p4
D:2:      layout_basic, uniq_natasha
D:3:      layout_basic, dreamdust_ecumenical_altar_hidden_monk_grotto,
          uniq_grinder, uniq_robin

Skill      XL: |  1  2  3  4 |
---------------+-------------+-----
Axes           | 2 3 |  3.3
Invocations    | 3 4 |  4.8
Fighting       | 4 |  4.4
Polearms       | |  0.2
Armour         | |  1.7
Dodging        | |  0.8

Action                   |  1- 3 |  4- 6 || total
-------------------------+-------+-------++-------
Melee: Hand axe          |   115 |    95 ||   210
       Punch             |     1 |     4 ||     5
       Spear             |       |    41 ||    41
Invok: Bend Space        |       |     6 ||     6
  Use: Scroll            |     2 |     6 ||     8
       Potion            |       |     1 ||     1
Armor: Leather armour    |    10 |       ||    10
       Ring mail         |    37 |    50 ||    87
Dodge: Dodged            |    70 |    77 ||   147
